 Dungeon Crawl Stone Soup version 0.20.1-1-g8b1a95d (webtiles) character file.

41 raph the Slasher (level 3, -2/33 HPs)
             Began as a Minotaur Monk on Dec 25, 2017.
             Slain by Grinder (4 damage)
             ... on level 3 of the Dungeon.
             The game lasted 00:01:54 (1521 turns).

raph the Slasher (Minotaur Monk)                    Turns: 1521, Time: 00:01:55

Health: -2/33      AC:  6    Str: 17    XL:     3   Next: 32%
Magic:  2/2        EV: 12    Int:  7    God:
Gold:   15         SH:  0    Dex: 13    Spells: 2/2 levels left

rFire    . . .     SeeInvis .   a - +0 falchion
rCold    . . .     Gourm    .   (no shield)
rNeg     . . .     Faith    .   d - +0 ring mail
rPois    .         Spirit   .   (helmet restricted)
rElec    .         Reflect  .   (no cloak)
rCorr    .         Harm     .   f - +0 pair of gloves
MR       .....     Rnd*Rage +   (no boots)
Stlth    +.........             (no amulet)
Regen    0.2/turn               (no ring)
MPRegen  0.1/turn               (no ring)

@: no status effects
A: retaliatory headbutt, fangs 1, horns 2, berserk 1, strong 1
a: no special abilities


You were on level 3 of the Dungeon.
You were hungry.

You visited 1 branch of the dungeon, and saw 3 of its levels.

You collected 15 gold pieces.

Inventory:

Hand Weapons
 a - a +0 falchion (weapon)
Missiles
 j - a stone (quivered)
Armour
 b - a +0 robe
 d - a +0 ring mail (worn)
 f - a +0 pair of gloves (worn)
Scrolls
 e - a scroll of immolation {unknown}
 g - a scroll of enchant armour {unknown}
 h - a scroll of random uselessness {unknown}
Comestibles
 c - 2 bread rations


   Skills:
 + Level 3.7 Fighting
 * Level 4.4 Long Blades
 + Level 1.9 Armour
 + Level 3.6 Dodging
 - Level 1.5 Stealth


You had 2 spell levels left.
You didn't know any spells.

Dungeon Overview and Level Annotations

Branches:
Dungeon (3/15)

Altars:

Annotations:
D:2 Sigmund
D:3 Grinder


Innate Abilities, Weirdness & Mutations

You reflexively headbutt those who attack you in melee.
You have a pair of horns on your head.
You have very sharp teeth.
You tend to lose your temper in combat.
Your muscles are strong. (Str +2)


Message History

You hit Grinder but do no damage. Your headbutt misses Grinder.
Grinder hits you.
You writhe in agony.
Unknown command.
You hit Grinder.
Grinder is lightly wounded.
Grinder hits you but does no damage.
Unknown command.
You hit Grinder. You headbutt Grinder.
Grinder is lightly wounded.
Grinder closely misses you.
It was a potion of mutation.
You feel extremely strange.
Your teeth lengthen and sharpen.
You feel a little pissed off.
You feel stronger. Grinder hits you.
You writhe in agony.
You hit Grinder. You bite Grinder, but do no damage.
Grinder is lightly wounded.
Grinder hits you!
* * * LOW HITPOINT WARNING * * *
You writhe in agony.
You die...

l....##...#######.#
.......#### #.#
#.## #... #.## ##
#> #..# #.### ##.#
... ###.##
#.##....# #.?)....#
####@...#
#....5....#
............#
###.........#
#.........#
#.........#
#####....## ######


You could see Grinder.

Vanquished Creatures
  A gnoll (D:1)
  An ooze (D:1)
  3 leopard geckos (D:1)
  2 orcs (D:3)
  A ball python (D:1)
  A giant cockroach (D:1)
  3 hobgoblins (D:1)
  A frilled lizard (D:1)
  5 kobolds (D:1)
  5 rats
  A toadstool (D:1)
24 creatures vanquished.

Vanquished Creatures (others)
  3 toadstools (D:1)
3 creatures vanquished.

Grand Total: 27 creatures vanquished

Notes
Turn   | Place    | Note
-------+----------+-------------------------------------------
     0 | D:1      | raph the Minotaur Monk began the quest for the Orb.
     0 | D:1      | Reached XP level 1. HP: 19/19 MP: 0/0
   236 | D:1      | Reached skill level 4 in Long Blades
   334 | D:1      | Reached XP level 2. HP: 24/27 MP: 1/1
   392 | D:1      | Reached skill level 1 in Armour
   711 | D:1      | Reached XP level 3. HP: 25/33 MP: 2/2
  1422 | D:2      | Noticed Sigmund
  1486 | D:3      | Noticed Grinder
  1493 | D:3      | Paralysed by Grinder for 2 turns
  1502 | D:3      | Paralysed by Grinder for 4 turns
  1513 | D:3      | Paralysed by Grinder for 4 turns
  1520 | D:3      | Gained mutation: You have very sharp teeth. [potion of mutation]
  1520 | D:3      | Gained mutation: You tend to lose your temper in combat. [potion of mutation]
  1520 | D:3      | Gained mutation: Your muscles are strong. (Str +2) [potion of mutation]
  1521 | D:3      | Slain by Grinder

Skill      XL: |  1  2 |
---------------+-------+-----
Long Blades    | 4 |  4.4
Armour         | 1 |  1.9
Fighting       | |  3.7
Dodging        | |  3.6
Stealth        | |  1.5

Action                   || total
-------------------------++-------
Melee: Falchion          ||    70
       Headbutt          ||    12
       Bite              ||     1
  Use: Potion            ||     1
 Stab: Distracted        ||     1
       Sleeping          ||     1
  Eat: Chunk             ||     1
Armor: Ring mail         ||    18
Dodge: Dodged            ||    35
       Rpst.: Falchion   ||     8
